 Dungeon Crawl Stone Soup version 0.15.0-31-geb66e34 (webtiles) character file.

272 Chiseanne the Magician (level 6, -2/41 HPs)
             Began as a Demonspawn Wizard on Sept 13, 2014.
             Was an Initiate of Vehumet.
             Killed from afar by an orc wizard (9 damage)
             ... with a puff of frost
             ... on Level 4 of the Dungeon.
             The game lasted 00:15:32 (4423 turns).

Chiseanne the Magician (Demonspawn Wizard)          Turns: 4423, Time: 00:15:32

HP  -2/41        AC  7     Str  7      XL: 6   Next:  2%
MP   9/17        EV 10     Int 21      God: Vehumet [......]
Gold 163         SH  0     Dex 12      Spells:  3 memorised,  8 levels left

rFire  . . .     SeeInvis .     t - +2 long sword (slice)
rCold  . . .     Clarity  .     o - +0 leather armour
rNeg   . . .     rCorr    .     (no shield)
rPois  .         rRot     .     b - +1 helmet
rElec  .         Spirit   .     (no cloak)
SustAb .         Warding  .     (no gloves)
rMut   .         Stasis   .     (no boots)
Gourm  .                        (no amulet)
MR     .....                    (no ring)
                                (no ring)

@: very slightly contaminated, not resistant to hostile enchantments, unstealthy
A: talons 1, slimy green scales 1, powered by death 1
a: Renounce Religion


You were on level 4 of the Dungeon.
You worshipped Vehumet.
Vehumet was noncommittal.
You were hungry.

You visited 2 branches of the dungeon, and saw 5 of its levels.

You collected 163 gold pieces.

Inventory:

Hand weapons
 q - a +2 vampiric broad axe
 t - a +2 long sword of slicing (weapon)
Missiles
 g - 5 tomahawks (quivered)
Armour
 b - a +1 helmet (worn)
 l - a steam dragon hide
 o - a +0 leather armour (worn)
Comestibles
 d - 6 bread rations
 f - 2 meat rations
 k - 2 slices of pizza
Scrolls
 e - 2 scrolls of fog
 w - a scroll of recharging
Potions
 h - a potion of magic {unknown}
 i - 4 potions of heal wounds
 m - a potion of mutation {unknown}
 n - 2 potions of brilliance
 p - 2 potions of curing {unknown}
 r - a potion of degeneration {unknown}
 s - 2 potions of berserk rage {unknown}
 u - a potion of confusion {unknown}
Books
 a - a book of Geomancy

   Spells                             Type                      Level
   Sandblast                          Earth                        1
   Stoneskin                          Transmutation/Earth          2
   Passwall                           Transmutation/Earth          3
   *Stone Arrow                       Conjuration/Earth            3
   Petrify                            Transmutation/Earth          4
   Lee's Rapid Deconstruction         Earth                        5
 c - a book of Minor Magic

   Spells                             Type                      Level
   *Magic Dart                        Conjuration                  1
   Blink                              Translocation                2
   Call Imp                           Summoning                    2
   Repel Missiles                     Charms/Air                   2
   Slow                               Hexes                        2
   Conjure Flame                      Conjuration/Fire             3
   *Mephitic Cloud                    Conjuration/Poison/Air       3


   Skills:
 - Level 1.7 Dodging
 - Level 1.7 Stealth
 * Level 5.2 Spellcasting
 * Level 3.7 Conjurations
   Level 1.0 Summonings
   Level 0.8 Translocations


You had 8 spell levels left.
You knew the following spells:

 Your Spells              Type           Power        Failure   Level  Hunger
a - Magic Dart            Conj           ###.         1%          1    None
b - Stone Arrow           Conj/Erth      ##....       17%         3    ##.....
c - Mephitic Cloud        Conj/Pois/Air  ##......     21%         3    ##.....


Dungeon Overview and Level Annotations

Branches:
Dungeon (4/15)             Temple (1/1) D:4

Altars:
Ashenzari
Cheibriados
Dithmenos
Elyvilon
Fedhas
Kikubaaqudgha
Makhleb
Okawaru
Sif Muna
Vehumet
Yredelemnul
The Shining One


Innate Abilities, Weirdness & Mutations

You have sharp toenails.
You are partially covered in slimy green scales (AC +2).
You can steal the life force of nearby defeated enemies.


Message History

The orc wizard glows brightly for a moment.
The orc wizard points at you and mumbles some strange words.
The puff of frost hits you!
The orc wizard's eyes start to glow.
The orc wizard casts a spell.
You feel a wave of unholy energy pass over you.
The orc wizard points at you and mumbles some strange words.
The magic dart hits you!
The orc wizard gestures at you while chanting.
The puff of frost hits you! The orc wizard casts a spell at you.
The puff of frost hits you!
* * * LOW HITPOINT WARNING * * *
The orc wizard glows brightly for a moment.
The orc wizard gestures at you while chanting.
The magic dart hits you!
There is a stone staircase leading up here.
The orc wizard casts a spell at you. The puff of frost hits you!
You die...

.# #.# #.# .# #.# #.# ##
.#####.# #.# #.
.......#####.# ##.
#............# ##..
.###########.# #######.##
#.# #.######## #..>)...#
#.#
#........####[#####.##
#.# #....@.o..?...# ##..
.## ###########.####.#
### ##
#............###.## #
#.#########..##...#######
# #.# #..............
#########.#
#.###o..#####.#
..........#
#.####o######.#
###########
#.##..........# #
#.##.#.########


You could see an orc wizard.

Vanquished Creatures
  A centaur (D:3)
  A giant frog skeleton (D:4)
  An orc priest (D:4)
  4 adders
  An orc zombie (D:4)
  2 worms (D:2)
  4 giant geckos
  3 oozes
  8 orcs
  5 bats
  2 giant cockroaches
  5 goblins
  10 hobgoblins
  5 jackals
  5 giant newts
  A goblin skeleton (D:4)
  6 kobolds
  6 rats
70 creatures vanquished.

Notes
Turn   | Place    | Note
--------------------------------------------------------------
     0 | D:1      | Chiseanne, the Demonspawn Wizard, began the quest for the Orb.
     0 | D:1      | Reached XP level 1. HP: 13/13 MP: 4/4
   731 | D:1      | Gained mutation: You have sharp toenails. [demonic ancestry]
   731 | D:1      | Reached XP level 2. HP: 19/19 MP: 3/6
  1605 | D:2      | Gained mutation: You are partially covered in slimy green scales (AC +2). [demonic ancestry]
  1605 | D:2      | Reached XP level 3. HP: 24/24 MP: 0/8
  1677 | D:2      | Learned a level 3 spell: Stone Arrow
  1681 | D:2      | Learned a level 3 spell: Mephitic Cloud
  1807 | D:2      | Reached skill level 4 in Spellcasting
  2491 | D:3      | Found a burning altar of Makhleb.
  2553 | D:3      | Gained mutation: You can steal the life force of nearby defeated enemies. [demonic ancestry]
  2553 | D:3      | Reached XP level 4. HP: 30/30 MP: 4/11
  2706 | D:3      | Noticed a centaur
  3389 | D:3      | Killed a centaur
  3389 | D:3      | Reached XP level 5. HP: 16/35 MP: 12/14
  3553 | D:4      | Found a glowing golden altar of the Shining One.
  3616 | D:4      | Reached skill level 5 in Spellcasting
  4139 | D:4      | Reached XP level 6. HP: 39/41 MP: 13/17
  4158 | D:4      | Found a staircase to the Ecumenical Temple.
  4166 | Temple   | Entered the Ecumenical Temple
  4232 | Temple   | Became a worshipper of Vehumet
  4367 | D:4      | Noticed an orc warrior
  4423 | D:4      | Killed from afar by an orc wizard

Action                   |  1- 3 |  4- 6 || total
-------------------------+-------+-------++-------
Melee: Dagger            |    16 |       ||    16
       Mace              |     6 |       ||     6
       Long sword        |       |    49 ||    49
 Cast: Magic Dart        |   102 |    61 ||   163
       Stone Arrow       |       |     7 ||     7
  Use: Scroll            |     7 |     6 ||    13
  Eat: Chunk             |     4 |     5 ||     9
       Beef jerky        |       |     1 ||     1
